 Dungeon Crawl Stone Soup version 0.26-b1-57-gb162d0664a (webtiles) character file.

Game seed: 15172357325971519565

1242 DearestLeader the Cleaver (level 8, 0/66 (68) HPs)
             Began as a Minotaur Gladiator on Jan 8, 2021.
             Was a Believer of Okawaru.
             Slain by a wight
             ... wielding a cursed +1 halberd of flaming
              (4 damage)
             ... on level 6 of the Dungeon.
             The game lasted 00:08:30 (4958 turns).

DearestLeader the Cleaver (Minotaur Gladiator)      Turns: 4958, Time: 00:08:30

HP:   0/66 (68)     AC: 12    Str: 20    XL:     8   Next: 25%
MP:   8/8           EV:  7    Int:  5    God:    Okawaru [**....]
Gold: 202           SH:  0    Dex: 13    Spells: 7/7 levels left

rFire    . . .     SeeInvis .   a - +0 war axe
rCold    . . .     Faith    .   (no shield)
rNeg     . . .     Spirit   .   j - +0 plate armour
rPois    .         Reflect  .   c - +0 hat
rElec    .         Harm     .   (no cloak)
rCorr    .         Rampage  .   (no gloves)
Will     .....                  (no boots)
Stlth    ..........             (no amulet)
HPRegen  0.21/turn              u - ring of flight
MPRegen  0.11/turn              (no ring)

@: confused, lightly drained
A: retaliatory headbutt, horns 2
a: Renounce Religion, Evoke Flight, Heroism


You were on level 6 of the Dungeon.
You worshipped Okawaru.
Okawaru was pleased with you.
You visited 1 branch of the dungeon, and saw 6 of its levels.

You collected 202 gold pieces.

Inventory:

Hand Weapons
 a - a +0 war axe (weapon)
 r - a +3 flail
 y - a +1 dire flail of holy wrath
Missiles
 d - 3 throwing nets
 t - 6 poisoned darts (quivered)
Armour
 c - a +0 hat (worn)
 h - a +0 ring mail
 j - a +0 plate armour (worn)
Jewellery
 u - a ring of flight (left hand)
Scrolls
 b - 2 scrolls of magic mapping
 e - a scroll of immolation {unknown}
 g - 2 scrolls of amnesia {unknown}
 i - 2 scrolls of remove curse {unknown}
 n - a scroll of enchant armour {unknown}
 p - 4 scrolls of teleportation {unknown}
 q - 4 scrolls of fog {unknown}
 v - a scroll of fear {unknown}
 w - a scroll of blinking {unknown}
 x - 3 scrolls of identify
Potions
 f - a potion of attraction {unknown}
 k - a potion of ambrosia
 l - a potion of heal wounds
 m - 2 potions of haste {unknown}
 o - a potion of mutation {unknown}
 s - 3 potions of curing {unknown}
 z - a potion of brilliance {unknown}


   Skills:
 - Level 5.0 Fighting
 * Level 9.5 Axes
 - Level 2.0 Throwing
 + Level 5.6 Armour
 - Level 3.2 Dodging
 + Level 2.3 Invocations


You had 7 spell levels left.
You didn't know any spells.
Your spell library contained the following spells:

 Spells                   Type           Power        Failure   Level
 Animate Skeleton         Necr           0%           100%        1
 Pain                     Necr           0%           100%        1
 Vampiric Draining        Necr           0%           100%        3
 Animate Dead             Necr           0%           100%        4
 Agony                    Necr           0%           100%        5


Dungeon Overview and Level Annotations

Branches:
Dungeon (6/15)
 Temple: D:4-7

Altars:
Ashenzari
Dithmenos
Fedhas
Gozag
Nemelex Xobeh
Okawaru
Qazlal
Ru
Wu Jian


Innate Abilities, Weirdness & Mutations

You reflexively headbutt those who attack you in melee.
You have a pair of horns on your head.


Message History

The wight is almost destroyed.
You barely miss the wight. The wight barely misses you.
The wight hits you from afar with a cursed +1 halberd of flaming!
You feel drained. The wight burns you. The wight hits you but does no damage.
You slash the wight!
You destroy the wight!
Okawaru accepts your kill.
You slash the wight!
The wight hits you from afar with a cursed +1 halberd of flaming!
* * * LOW HITPOINT WARNING * * *
You feel drained. The wight burns you.
* * * LOW HITPOINT WARNING * * *
The wight hits you but does no damage. The wight hits you but does no damage.
You are confused.
You feel invigorated.
The wight hits you from afar with a cursed +1 halberd of flaming!
* * * LOW HITPOINT WARNING * * *
The wight burns you.
You die...

###. ...$ #....
##### ####..# #.
#...####....##...
#..@z............
#....z....#.####
#...##...)..# .
#####....<..# ..
#.......# ...
#.......# ...
##....)### ..#
#........#...#
#..!.....z.#


You could see 2 wights.

Vanquished Creatures
  Sigmund (D:2)
  Edmund (D:5)
  Menkaure (D:6)
  2 sky beasts (D:5)
  A bullfrog (D:5)
  2 wights (D:6)
  2 howler monkeys (D:5)
  A centaur zombie (D:5)
  3 orc priests
  3 orc wizards
  An iguana (D:4)
  Ijyb (D:5)
  A worker ant (D:5)
  4 gnolls (D:5)
  A howler monkey skeleton (D:3)
  3 adders
  2 white imps (D:5)
  A worm (D:4)
  4 dart slugs
  4 leopard geckos
  7 orcs
  6 bats
  4 giant cockroaches
  6 goblins
  2 hobgoblins (D:3)
  5 jackals
  2 ball pythons
  5 frilled lizards
  12 kobolds
  2 quokka skeletons (D:4)
  7 rats
97 creatures vanquished.

Vanquished Creatures (others)
  A plant (D:5)
1 creature vanquished.

Grand Total: 98 creatures vanquished

Notes
Turn   | Place    | Note
-------+----------+-------------------------------------------
     0 | D:1      | DearestLeader the Minotaur Gladiator began the quest for
                  | the Orb.
     0 | D:1      | Reached XP level 1. HP: 18/18 MP: 0/0
   162 | D:1      | Reached skill level 4 in Axes
   177 | D:1      | Reached XP level 2. HP: 19/25 MP: 1/1
   860 | D:2      | Reached skill level 5 in Axes
   860 | D:2      | Reached skill level 1 in Armour
   860 | D:2      | Reached XP level 3. HP: 30/30 MP: 2/2
   860 | D:2      | Noticed Sigmund
   993 | D:2      | Found a sacrificial altar of Ru.
  1452 | D:3      | Found a shadowy altar of Dithmenos.
  1562 | D:3      | Found a sparkling altar of Nemelex Xobeh.
  1725 | D:3      | Reached XP level 4. HP: 36/37 MP: 3/3
  2648 | D:4      | Reached skill level 6 in Axes
  2648 | D:4      | Reached XP level 5. HP: 37/45 MP: 4/4
  2965 | D:5      | Entered Level 5 of the Dungeon
  3116 | D:5      | Reached XP level 6. HP: 50/52 MP: 5/5
  3119 | D:5      | Reached skill level 7 in Axes
  3267 | D:5      | Found an iron altar of Okawaru.
  3296 | D:5      | Found an ornate altar of the Wu Jian Council.
  3298 | D:5      | Found an opulent altar of Gozag.
  3306 | D:5      | Became a worshipper of Warmaster Okawaru
  3374 | D:5      | Found a broken altar of Ashenzari.
  3394 | D:5      | Noticed a sky beast
  3403 | D:5      | Killed a sky beast
  3404 | D:5      | Reached XP level 7. HP: 44/60 MP: 6/6
  3575 | D:5      | Noticed Edmund
  3586 | D:5      | Killed Edmund
  3587 | D:5      | Reached skill level 8 in Axes
  3889 | D:5      | Reached * piety under Okawaru
  3911 | D:5      | Reached skill level 5 in Fighting
  3987 | D:5      | Noticed Ijyb
  4039 | D:5      | Killed Ijyb
  4040 | D:5      | Reached skill level 1 in Invocations
  4165 | D:5      | Found a blossoming altar of Fedhas.
  4321 | D:2      | Reached skill level 5 in Armour
  4334 | D:2      | Found a stormy altar of Qazlal.
  4857 | D:2      | Killed Sigmund
  4858 | D:2      | Reached skill level 9 in Axes
  4858 | D:2      | Reached XP level 8. HP: 60/68 MP: 6/8
  4919 | D:6      | Noticed Menkaure
  4928 | D:6      | Killed Menkaure
  4951 | D:6      | Reached ** piety under Okawaru
  4958 | D:6      | Slain by a wight

Illustrated notes

Levels and vault maps discovered:
D:1:      dpeg_arrival_short_road, layout_loops_ring, serial_forest,
          infiniplex_forest_lined_room_2, infiniplex_forest_clump_long,
          infiniplex_forest_lined_2, infiniplex_forest_clump_diagonal,
          infiniplex_forest_lined_room_2, amcnicky_mini_pool_small
D:2:      layout_loops_ring, nicolae_ru_sacrificial_ziggurat,
          nicolae_qazlal_eye_of_the_storm, uniq_sigmund
D:3:      layout_loops_ring, grunt_dithmenos_smoke_and_mirrors,
          nemelex_xobeh_ov_fountains_minmay
D:4:      layout_gridville
D:5:      layout_cave_pods, gammafunk_temple_overflow_forgotten,
          lemuel_round_altar, ashenzari_altar_1, uniq_ijyb, uniq_edmund
D:6:      layout_rooms, old_standard_altar, temple_green, uniq_menkaure,
          uniq_prince_ribbit1, uniq_blork_the_orc

Skill      XL: |  1  2  3  4  5  6  7  8 |
---------------+-------------------------+-----
Axes           | 4 5 6 7 9 |  9.5
Armour         | 1 2 3 4 5 |  5.6
Fighting       | 3 4 5 |  5.0
Invocations    | 1 2 |  2.3
Throwing       | |  2.0
Dodging        | |  3.2

Action                   |  1- 3 |  4- 6 |  7- 9 || total
-------------------------+-------+-------+-------++-------
Melee: War axe           |    98 |    69 |    92 ||   259
       Headbutt          |    12 |    14 |    18 ||    44
  Use: Scroll            |       |     3 |       ||     3
       Potion            |       |       |     2 ||     2
Armor: Leather armour    |     5 |       |       ||     5
       Ring mail         |     4 |       |       ||     4
       Plate armour      |    78 |    49 |    51 ||   178
Dodge: Dodged            |    70 |    20 |    30 ||   120
